[Event "*** MasterClass Titled Tuesday Blitz"]
[Site "Chess.com"]
[Date "2017.10.03"]
[Round "1"]
[White "pawnwonder"]
[Black "bilelou"]
[Result "0-1"]
[WhiteElo "1972"]
[BlackElo "2428"]
[TimeControl "180+2"]
[EndTime "13:06:42 PDT"]
[Termination "bilelou won by resignation"]

1. e4 e6 2. d4 b6 3. Bd3 Bb7 4. Nf3 g6 5. O-O Bg7 6. Be3 Ne7 7. Nbd2 d6 8. Re1 Nd7 9. c3 h6 10. Nf1 g5 11. h3 O-O 12. Ng3 Bh8 13. h4 f6 14.
hxg5 hxg5 15. Bc4 d5 16. Bb3 Qe8 17. exd5 Bxd5 18. c4 Bb7 19. Rc1 Rd8 20. c5 Bd5 21. Bxd5 Nxd5 22. c6 Nb8 23. Qb3 Qf7 24. Ne4 g4 25.
Nfd2 f5 26. Ng5 Qg6 27. Nxe6 Qxe6 28. Bg5 Qf7 29. Bxd8 Rxd8 30. Nc4 Nxc6 31. Qb5 Nxd4 32. Qa6 c5 33. Rcd1 Bf6 34. Qa3 Qg7 35. Qd3 Nf3+ 0-1

[Event "*** MasterClass Titled Tuesday Blitz"]
[Site "Chess.com"]
[Date "2017.10.03"]
[Round "1"]
[White "TheLancer"]
[Black "robbykevlishvili"]
[Result "0-1"]
[WhiteElo "2496"]
[BlackElo "2244"]
[TimeControl "180+2"]
[EndTime "13:06:46 PDT"]
[Termination "robbykevlishvili won on time"]

1. e4 c5 2. Nf3 d6 3. d4 cxd4 4.
Nxd4 Nf6 5. Nc3 a6 6. Be2 e5 7.
Nb3 Be7 8. O-O O-O 9. Kh1 Be6 10. a4 Nc6 11. f4 exf4 12. Bxf4 d5 13. e5 Ne4 14.
Bd3 Nc5 15. Nxc5 Bxc5 16. Rf3 Bg4 17. Nxd5 Kh8 18. Be4 Nd4 19. Qd3 Nxf3 20. gxf3 Be6 21. c4 b5 22. b3 bxc4 23. bxc4 Rb8 24. Bxh7 Qh4 25. Be4 Bxd5 26. Qxd5 Qxf4 27. Qxc5 Rbc8 28. Qd6 Rfd8 29. Qxa6 Rb8 30. Qa5 Rd2 0-1

[Event "*** MasterClass Titled Tuesday Blitz"]
[Site "Chess.com"]
[Date "2017.10.03"]
[Round "1"]
[White "stregachess"]
[Black "pultineviciuspaulius"]
[Result "0-1"]
[WhiteElo "2032"]
[BlackElo "2441"]
[TimeControl "180+2"]
[EndTime "13:06:48 PDT"]
[Termination "pultineviciuspaulius won by resignation"]

1. d4 Nf6 2. Nf3 e6 3. Bf4 b6 4. e3 Bb7 5. Be2 d6 6. O-O Nbd7 7. c4 g6 8. h3 Ne4 9. Nbd2 Bg7 10. Nxe4 Bxe4 11.
Nd2 Bb7 12. Bf3 Qc8 13. Rc1 O-O 14. b4 a5 15. a3 axb4 16. axb4 e5 17. Bh2 exd4 18.
exd4 Bxd4 19. c5 bxc5 20. bxc5 Nxc5 21. Ne4 Bxe4 22. Bxe4 Bxf2+ 23. Rxf2 Nxe4 24. Re2 Qb7 25. Bf4 Ra3 26. Bh6 Re8 27. Qd4 Qa7 28. Qxa7 Rxa7 29. Rc4 f5 30. g4 c5 31. gxf5 gxf5 32. Rc1 Kf7 33. Kh2 Rg8 34. Rf1 Ng3 0-1

[Event "*** MasterClass Titled Tuesday Blitz"]
[Site "Chess.com"]
[Date "2017.10.03"]
[Round "1"]
[White "tomsishere"]
[Black "Kouzari"]
[Result "0-1"]
[WhiteElo "2275"]
[BlackElo "2547"]
[TimeControl "180+2"]
[EndTime "13:06:54 PDT"]
[Termination "Kouzari won by resignation"]

1. d4 Nf6 2. c4 e6 3. Nc3 c5 4.
d5 exd5 5. cxd5 d6 6. e4 g6 7.
Nge2 Bg7 8. Ng3 O-O 9. Be2 Na6 10. O-O Nc7 11. Bg5 h6 12. Be3 Re8 13. f3 a6 14.
a4 Rb8 15. Qd2 Kh7 16. Rab1 b5 17. axb5 Nxb5 18. Nxb5 axb5 19. b4 c4 20. Bd4 h5 21.
Rfd1 Bh6 22. Qc3 Nd7 23. Rf1 h4 24. Nh1 Ne5 25. f4 Nd7 26. e5 Bg7 27. e6 Bxd4+ 28.
Qxd4 fxe6 29. dxe6 Qb6 30. Rfd1 Rxe6 31. Bg4 Re1+ 32.
Rxe1 Qxd4+ 33. Nf2 Nf6 34. Re7+ Kh6 35. Bf3 Bf5 36. Rd1 Qxf4 37. Rf7 Qe5 38. Kf1 c3 39. Re1 Qd4 40. Rd1 Qc4+ 41. Be2 Qxf7 0-1

[Event "*** MasterClass Titled Tuesday Blitz"]
[Site "Chess.com"]
[Date "2017.10.03"]
[Round "1"]
[White "Sethu0025"]
[Black "Rokis13"]
[Result "1-0"]
[WhiteElo "2642"]
[BlackElo "2344"]
[TimeControl "180+2"]
[EndTime "13:07:03 PDT"]
[Termination "Sethu0025 won by resignation"]

1. e4 e5 2. Nf3 Nc6 3. Bb5 Nge7 4.
O-O a6 5. Bc4 Ng6 6. c3 b5 7.
Bb3 Be7 8. d4 d6 9. a4 Bb7 10. d5 Nb8 11. axb5 axb5 12. Rxa8 Bxa8 13. Na3 c6 14. dxc6 Bxc6 15. Bd5 Bd7 16. Qb3 O-O 17. Nxb5 Na6 18. Be3 Bg4 19. Nd2 Bg5 20. Nc4 Be2 21.
Re1 Bxe3 22. Nxe3 Nc5 23. Qb4 Nd3 24. Qc4 Ngf4 25. Ra1 Nxf2 26. Qc6 Qg5 27. Kxf2 Qh4+ 28. Kg1 Nd3 29. Kh1 Qf2 30. Qb6 Nc5 31. Nxd6 Qf3 1-0

[Event "*** MasterClass Titled Tuesday Blitz"]
[Site "Chess.com"]
[Date "2017.10.03"]
[Round "1"]
[White "ruzomberok"]
[Black "BillieKimbah"]
[Result "0-1"]
[WhiteElo "2381"]
[BlackElo "2666"]
[TimeControl "180+2"]
[EndTime "13:07:06 PDT"]
[Termination "BillieKimbah won by resignation"]

1. Nf3 Nf6 2. c4 c5 3. Nc3 e6 4. g3 b6 5. Bg2 Bb7 6. O-O Be7 7. b3 O-O 8. Bb2 d5 9. cxd5 Nxd5 10. d4 Nd7 11.
Rc1 Rc8 12. dxc5 Nxc5 13. Nd4 Nxc3 14. Bxc3 Bxg2 15. Kxg2 Qd5+ 16. f3 Rfd8 17. e4 Qb7 18.
Qe2 Bg5 19. Rc2 Rd7 20. h4 Bf6 21. Nb5 Rcd8 22. Bxf6 gxf6 23. e5 fxe5 24. Qxe5 Rd5 25. Qf6 R8d7 26. Nc3 Rf5 27. Qh6 Rd3 28. Ne4 Nxe4 29.
fxe4 Qxe4+ 30. Kh3 Rxg3+ 31. Kxg3 Qd3+ 32. Kg4 Qxc2 33. Rxf5 Qxf5+ 34. Kg3 Qg6+ 0-1

[Event "*** MasterClass Titled Tuesday Blitz"]
[Site "Chess.com"]
[Date "2017.10.03"]
[Round "1"]
[White "chito89"]
[Black "iusegine"]
[Result "1-0"]
[WhiteElo "2576"]
[BlackElo "2301"]
[TimeControl "180+2"]
[EndTime "13:07:06 PDT"]
[Termination "chito89 won by resignation"]

1. e4 g6 2. d4 Bg7 3. Nc3 d6 4. Nf3 a6 5. Be2 b5 6. O-O Bb7 7. Re1 b4 8. Nd5 a5 9. Bf1 e6 10. Nf4 Nd7 11. d5 e5 12. Nd3 Ne7 13. a3 c5 14. b3 O-O 15. Nb2 h6 16. Nc4 Nb6 17.
Nfd2 Nxc4 18. Nxc4 f5 19. f3 Ba6 20. axb4 Bxc4 21. Bxc4 axb4 22. Be3 Rxa1 23. Qxa1 Qa8 24. Bxc5 Qb8 25. Qa6 dxc5 26. d6+ Kh7 27. dxe7 Re8 28. exf5 gxf5 29. Qe6 Qc7 30. Qxf5+ Kh8 31. Bd3 Kg8 32. Qh7+ 1-0

[Event "*** MasterClass Titled Tuesday Blitz"]
[Site "Chess.com"]
[Date "2017.10.03"]
[Round "1"]
[White "SerGo055"]
[Black "rickkrewson"]
[Result "1-0"]
[WhiteElo "2417"]
[BlackElo "1772"]
[TimeControl "180+2"]
[EndTime "13:07:10 PDT"]
[Termination "SerGo055 won by resignation"]

1. d4 Nc6 2. Nf3 d6 3. c4 g6 4. Nc3 Bg7 5. d5 Ne5 6. Nxe5 Bxe5 7. e4 f5 8. Bd3 fxe4 9. Nxe4 Bf5 10. Ng5 Bd7 11.
Nxh7 Kf7 12. Ng5+ Kg7 13. f4 Bf6 14. O-O Nh6 15. Qc2 Bd4+ 16. Kh1 Nf5 17. Bxf5 Bxf5 18.
Ne6+ Bxe6 19. dxe6 Rh5 20. Qe4 Bf6 21. Be3 Qh8 22.
Bg1 c6 23. Rad1 Qh6 24. g4 Rh4 25. g5 Bxg5 26. fxg5 Rxe4 27. gxh6+ Kxh6 28. Rde1 Rxc4 29. Rf7 Re8 30. Be3+ g5 31. Rg1 1-0

[Event "*** MasterClass Titled Tuesday Blitz"]
[Site "Chess.com"]
[Date "2017.10.03"]
[Round "1"]
[White "JosephRyan"]
[Black "Diwi89"]
[Result "0-1"]
[WhiteElo "2221"]
[BlackElo "2516"]
[TimeControl "180+2"]
[EndTime "13:07:12 PDT"]
[Termination "Diwi89 won by resignation"]

1. d4 d5 2. Bf4 Bf5 3. c4 c6 4. Nc3 Nf6 5. e3 e6 6. Qb3 Qb6 7. c5 Qxb3 8. axb3 Nbd7 9. h3 a6 10. b4 Rc8 11. Nf3 h6 12. Nd2 Be7 13. Nb3 Bd8 14. Na5 Bxa5 15. bxa5 O-O 16. Ra3 Rfe8 17. Kd2 e5 18. Bh2 exd4 19. exd4 Nf8 20. Rb3 Re7 21. Bd3 Bxd3 22. Kxd3 Ne6 23. Bd6 Rd7 24. Re1 Ne8 25. Bg3 Re7 26. f3 f6 27. Ne2 g5 28. Bh2 Kf7 29.
Nc3 Rd8 30. Bg3 Rdd7 31. Ra3 N8g7 32. Raa1 Nf5 33. Bf2 Nf4+ 34. Kd2 Nxg2 35. Rxe7+ Rxe7 36. Ne2 Ngh4 37. Bxh4 Nxh4 38. f4 Kg6 39. Rf1 Re4 40. Kd3 Re7 41. b4 Nf5 42. Rf3 h5 43. fxg5 fxg5 44.
Ng3 Nxg3 45. Rxg3 Re4 46. Rg1 g4 47. hxg4 hxg4 48. Rg2 Kg5 49. Rg1 Re7 50. Rh1 g3 51.
Rh7 Rxh7 0-1

[Event "*** MasterClass Titled Tuesday Blitz"]
[Site "Chess.com"]
[Date "2017.10.03"]
[Round "1"]
[White "kleinebeer98"]
[Black "PenguinPacks"]
[Result "1-0"]
[WhiteElo "2494"]
[BlackElo "2172"]
[TimeControl "180+2"]
[EndTime "13:07:14 PDT"]
[Termination "kleinebeer98 won by checkmate"]

1. e4 e5 2. Nf3 Nc6 3. Nc3 Nf6 4. h3 Bb4 5. Bd3 O-O 6. O-O d5 7. exd5 Nxd5 8. Nxd5 Qxd5 9. Re1 Be6 10. Ng5 Bc5 11. Bxh7+ Kh8 12. Qh5 g6 13. Bxg6+ Kg7 14. Be4 Qd4 15. Qh7+ Kf6 16. Qh4 Kg7 17. d3 Rh8 18.
Nxe6+ fxe6 19. Qg5+ Kf7 20. Bg6+ Kg7 21. Bh5+ Kf8 22. Qf6+ Kg8 23. Qf7# 1-0

[Event "*** MasterClass Titled Tuesday Blitz"]
[Site "Chess.com"]
[Date "2017.10.03"]
[Round "1"]
[White "timator"]
[Black "Konavets"]
[Result "0-1"]
[WhiteElo "2413"]
[BlackElo "2798"]
[TimeControl "180+2"]
[EndTime "13:07:15 PDT"]
[Termination "Konavets won by resignation"]

1. Nf3 Nf6 2. g3 b5 3. Bg2 Bb7 4. O-O e6 5. b3 c5 6. Bb2 Nc6 7. d3 d5 8. Nbd2 Be7 9. c4 bxc4 10. bxc4 d4 11. Ng5 O-O 12. Nge4 Nxe4 13. Nxe4 Rb8 14. Rb1 Qa5 15. Qd2 Qa6 16. a3 Ne5 17. h3 h6 18.
f4 Ng6 19. e3 dxe3 20. Qxe3 Rfd8 21. Kh2 Bc6 22. f5 exf5 23. Rxf5 Rb3 24. Nc3 Bxg2 25. Kxg2 Qb7+ 26. Nd5 Rxb2+ 27. Rxb2 Qxb2+ 28. Rf2 Qb7 29. Qf3 Qd7 30. Qxf7+ Kh7 31. Rf6 Nh8 32. Rxh6+ Kxh6 0-1

[Event "*** MasterClass Titled Tuesday Blitz"]
[Site "Chess.com"]
[Date "2017.10.03"]
[Round "1"]
[White "Gabix_94"]
[Black "EuropeanChampion"]
[Result "1-0"]
[WhiteElo "2504"]
[BlackElo "2193"]
[TimeControl "180+2"]
[EndTime "13:07:16 PDT"]
[Termination "Gabix_94 won by checkmate"]

1. e4 c5 2. Nf3 e6 3. Nc3 Nc6 4. Bb5 Nd4 5. O-O a6 6. Bd3 b5 7.
Nxd4 cxd4 8. Ne2 Bc5 9. b4 Bb6 10. Bb2 e5 11. a4 bxa4 12. c3 dxc3 13. dxc3 Ne7 14. c4 d6 15. Qxa4+ Bd7 16. Qb3 O-O 17. Rfc1 Be6 18. Qd1 Ng6 19. c5 dxc5 20. bxc5 Bc7 21.
Rxa6 Qf6 22. Rca1 Rad8 23. Qc2 Nh4 24. Ng3 h6 25. Bc4 Kh8 26. h3 Rd7 27. Bd5 Rfd8 28.
Rc6 Bb8 29. Qb3 Bxd5 30. exd5 Qg5 31. d6 f5 32. Rb6 f4 33. Rxb8 fxg3 34. Rxd8+ Rxd8 35. Qxg3 Qxg3 36. fxg3 Nf5 37. g4 Ne3 38. Bxe5 Nc4 39.
Bg3 Nb2 40. c6 Nd3 41. c7 Rg8 42. d7 Nc5 43. c8=Q Ne6 44. Ra8 Nd8 45. Qxd8 Rxd8 46. Rxd8+ Kh7 47. Rh8+ Kg6 48. d8=Q h5 49. Qe8+ Kf6 50.
Be5+ Kg5 51. g3 g6 52. Kg2 h4 53. gxh4# 1-0

[Event "*** MasterClass Titled Tuesday Blitz"]
[Site "Chess.com"]
[Date "2017.10.03"]
[Round "1"]
[White "TryingToGetBetter94"]
[Black "1stSecond"]
[Result "0-1"]
[WhiteElo "2320"]
[BlackElo "2613"]
[TimeControl "180+2"]
[EndTime "13:07:21 PDT"]
[Termination "1stSecond won on time"]

1. e4 c5 2. Nf3 e6 3. d4 cxd4 4. Nxd4 Nc6 5. c4 Nf6 6. Nc3 Bb4 7. Nc2 Be7 8. Bf4 d6 9. Be2 a6 10. O-O O-O 11. Kh1 Qc7 12. c5 Rd8 13. Qe1 Ne5 14.
cxd6 Bxd6 15. Bg3 Nc6 16. f4 Be7 17. Rc1 Qb6 18. b3 Bd7 19. Bf3 Nb4 20. Na4 Bxa4 21.
bxa4 Nd3 22. Qd2 Nxc1 23. Qxc1 Rac8 24. e5 Nd5 25. f5 exf5 26. Bf2 Qc7 0-1

[Event "*** MasterClass Titled Tuesday Blitz"]
[Site "Chess.com"]
[Date "2017.10.03"]
[Round "1"]
[White "catalin009"]
[Black "BogdanDeac"]
[Result "1/2-1/2"]
[WhiteElo "2355"]
[BlackElo "2634"]
[TimeControl "180+2"]
[EndTime "13:07:23 PDT"]
[Termination "Game drawn by agreement"]

1. Nf3 b6 2. g3 Bb7 3. Bg2 g6 4. O-O Bg7 5. d3 d5 6. Nbd2 Nf6 7. Re1 O-O 8. c3 Re8 9. Qc2 e5 10. e4 Nbd7 11. b4 a5 12. Bb2 h6 13.
a3 c6 14. d4 dxe4 15. Nxe5 Nxe5 16. dxe5 Rxe5 17. c4 Re6 18. Nxe4 axb4 19. Nxf6+ Rxf6 20. axb4 Rxa1 21. Bxa1 Rd6 22. Bxg7 Kxg7 23. c5 bxc5 24. bxc5 Rf6 25. Qc3 h5 26. h4 Kg8 27. Rb1 Ba6 28.
Qe5 Re6 29. Rb8 Rxe5 30. Rxd8+ 1/2-1/2

[Event "*** MasterClass Titled Tuesday Blitz"]
[Site "Chess.com"]
[Date "2017.10.03"]
[Round "1"]
[White "Gabrielian_Artur"]
[Black "michaelk123"]
[Result "1-0"]
[WhiteElo "2574"]
[BlackElo "2298"]
[TimeControl "180+2"]
[EndTime "13:07:23 PDT"]
[Termination "Gabrielian_Artur won by resignation"]

1. e4 c6 2. d4 d5 3. Nc3 dxe4 4.
Nxe4 Bf5 5. Ng3 Bg6 6. c3 Nf6 7.
Nh3 e6 8. Nf4 Bd6 9. h4 Qc7 10.
Qf3 Nbd7 11. h5 Bc2 12. h6 gxh6 13. Rxh6 O-O-O 14. Bd3 Bxd3 15. Nxd3 Rhg8 16. Bf4 Rg6 17. Bxd6 Qxd6 18. Rxg6 hxg6 19. O-O-O Rh8 20. Ne4 Qd5 21.
Nxf6 Qxf3 22. gxf3 Nxf6 23. Ne5 Rh7 24. Kd2 Nd7 25. Nd3 Kc7 26. Ke2 Kd6 27. c4 f6 28.
b4 g5 29. f4 g4 30. Rg1 f5 31.
Ke3 Rh3+ 32. Rg3 Rh1 33. f3 Nf6 34. Ne5 Rh2 35. fxg4 Rxa2 36. gxf5 exf5 37. Rg6 Ke6 38. d5+ cxd5 39. cxd5+ Ke7 40. d6+ Ke6 41. d7 Ra3+ 42.
Ke2 Ra2+ 43. Kd3 Ra1 44. Kc2 Ra2+ 45. Kc3 Ra3+ 46. Kb2 1-0

[Event "*** MasterClass Titled Tuesday Blitz"]
[Site "Chess.com"]
[Date "2017.10.03"]
[Round "1"]
[White "dtn70"]
[Black "TheFlaminGM"]
[Result "1/2-1/2"]
[WhiteElo "2314"]
[BlackElo "2586"]
[TimeControl "180+2"]
[EndTime "13:07:24 PDT"]
[Termination "Game drawn by agreement"]

1. e4 d6 2. d4 Nf6 3. Nc3 e5 4.
dxe5 dxe5 5. Qxd8+ Kxd8 6. Bc4 Ke8 7. Bg5 c6 8. f3 Nbd7 9. O-O-O b5 10. Bb3 Nc5 11.
Nge2 a5 12. a3 Nxb3+ 13. cxb3 Be6 14. Kc2 Nd7 15. Nc1 Nc5 16. Be3 Rb8 17. N3a2 Nd7 18. Rd2 f6 19. Rhd1 Be7 20. Kb1 Rb7 21. b4 axb4 22. Nxb4 Bxb4 23. axb4 Ke7 24. Nd3 Ra8 25. Kc2 Rbb8 26. Nc5 Nxc5 27. Bxc5+ Kf7 28. Rd6 Rc8 29. g3 g5 30. f4 exf4 31. gxf4 gxf4 32. Rf1 Rd8 33.
Rxf4 Rxd6 34. Bxd6 Ra1 35. Be5 Re1 36. Rxf6+ Ke7 37.
Rh6 Rxe4 38. Rxh7+ Ke8 39. Bc3 Bf5 40. Rh8+ Kd7 41.
Kd2 Rg4 42. h4 Rg3 43. Ke2 Rh3 44. Kf2 Bg4 45. Rh7+ Ke6 46. Rh6+ Kd5 47. Rh8 1/2-1/2

[Event "*** MasterClass Titled Tuesday Blitz"]
[Site "Chess.com"]
[Date "2017.10.03"]
[Round "1"]
[White "Kazan28"]
[Black "Induwara_IM"]
[Result "0-1"]
[WhiteElo "2176"]
[BlackElo "2493"]
[TimeControl "180+2"]
[EndTime "13:07:25 PDT"]
[Termination "Induwara_IM won by resignation"]

1. e4 c6 2. d4 d5 3. e5 Bf5 4.
Nf3 e6 5. Be2 Ne7 6. O-O c5 7.
c3 Nd7 8. a3 Nc6 9. b4 cxd4 10.
cxd4 Be7 11. Re1 O-O 12. Nbd2 a5 13. b5 Na7 14. Nf1 Nb6 15. Ng3 Bg6 16. Bd3 Nc4 17. Bxg6 fxg6 18. a4 Nc8 19. Nf1 N8b6 20. g3 Qd7 21. h4 Qd8 22. Kg2 Qd7 23. N1h2 Rf7 24. Bf4 Rff8 25. Bc1 Rf7 26. Bf4 Raf8 27. Bc1 Rf5 28.
Ra2 Bb4 29. Rf1 h6 30. Ng1 R5f7 31. f4 Nc8 32. Ngf3 Ne7 33. Qe2 Rc8 34. Ng4 Nf5 35.
Ne3 Ncxe3+ 36. Bxe3 Qd8 37. Bf2 Rfc7 38. g4 Ne7 39.
Rh1 Rc3 40. h5 gxh5 41. Rxh5 Rb3 42. f5 Rcc3 43. Nh4 Qe8 44. f6 Ng6 45. fxg7 Nf4+ 46.
Kh2 Rh3+ 47. Kg1 Nxe2+ 48. Rxe2 Kxg7 49. Kg2 Be7 50. Nf5+ exf5 51. Rxh3 Rxh3 52. Kxh3 Qg6 53. gxf5 Qh5+ 0-1

[Event "*** MasterClass Titled Tuesday Blitz"]
[Site "Chess.com"]
[Date "2017.10.03"]
[Round "1"]
[White "matiss90"]
[Black "yurisolo"]
[Result "0-1"]
[WhiteElo "2270"]
[BlackElo "2537"]
[TimeControl "180+2"]
[EndTime "13:07:28 PDT"]
[Termination "yurisolo won by resignation"]

1. e4 c5 2. Nf3 d6 3. d4 Nf6 4. Nc3 cxd4 5. Nxd4 a6 6. Bc4 e6 7. Bb3 Nbd7 8. Bg5 Nc5 9. f4 Be7 10. Qf3 O-O 11. O-O h6 12. Bh4 Qc7 13. Kh1 b5 14.
Rae1 Bb7 15. a3 Nfxe4 16. Bxe7 Nxc3 17. Qxc3 Qxe7 18. Nf5 Qf6 19. Qxf6 gxf6 20. Nxd6 Nxb3 21. Nxb7 Nd2 22. Rf2 Nc4 23. b3 Nxa3 24. Nd6 Rfd8 25. Ne4 f5 26. Nc5 Rac8 27. b4 a5 28. c3 axb4 29.
cxb4 Rd4 30. Rf3 Nc2 31. Rg3+ Kf8 32. Rc1 Nxb4 33. h3 Rc4 34. Nd7+ Ke7 35. Rd1 Rd8 0-1

[Event "*** MasterClass Titled Tuesday Blitz"]
[Site "Chess.com"]
[Date "2017.10.03"]
[Round "1"]
[White "tigra"]
[Black "livestrong04"]
[Result "1-0"]
[WhiteElo "2631"]
[BlackElo "2331"]
[TimeControl "180+2"]
[EndTime "13:07:35 PDT"]
[Termination "tigra won by resignation"]

1. e4 c5 2. Nf3 e6 3. d4 cxd4 4. Nxd4 a6 5. c4 Nf6 6. Nc3 Bb4 7. Qd3 Qc7 8. Be2 Nc6 9. Nxc6 dxc6 10. a3 Bc5 11. b4 Be7 12. c5 a5 13. Rb1 axb4 14.
axb4 O-O 15. O-O Rd8 16. Qc2 e5 17. Bc4 Rd4 18. Qb3 Nxe4 19. Bxf7+ Kh8 20. Nxe4 Rxe4 21. Be3 Bf5 22. Rbd1 Rf8 23. Bc4 Rh4 24. g3 Rh5 25. Be6 Rd8 26. Rxd8+ Qxd8 27. Rd1 Qf8 28. g4 Bxe6 29.
Qxe6 Rh4 30. Rd7 h5 31. Rxe7 Rxg4+ 32. Kf1 Qf3 33. Re8+ Kh7 34. Qg8+ Kg6 35. Re6+ Kf5 36. Qf7+ Ke4 37. Rxe5+ Kxe5 38. Qxf3 Rf4 39. Bxf4+ 1-0

[Event "*** MasterClass Titled Tuesday Blitz"]
[Site "Chess.com"]
[Date "2017.10.03"]
[Round "1"]
[White "GameOverBro"]
[Black "joppie2"]
[Result "0-1"]
[WhiteElo "2298"]
[BlackElo "2573"]
[TimeControl "180+2"]
[EndTime "13:07:39 PDT"]
[Termination "joppie2 won by resignation"]

1. e4 c6 2. Nc3 d5 3. Nf3 Bg4 4.
h3 Bxf3 5. Qxf3 e6 6. d3 Nf6 7. Bd2 Qb6 8. O-O-O Na6 9. g4 Be7 10.
g5 Nd7 11. h4 d4 12. Ne2 Bb4 13. h5 Bxd2+ 14. Rxd2 Nb4 15. a3 Na2+ 16. Kb1 Nc3+ 17. Kc1 Na4 18. c4 Ndc5 19. Nxd4 O-O-O 20. b4 Rxd4 21. bxc5 Qb3 22. Qxf7 Nc3 23. Rc2 Qb1+ 24. Kd2 Nxe4+ 25.
Ke3 Qxc2 26. Kxd4 Nxf2 27. Qxe6+ Kb8 28. Qd6+ Ka8 29. Rh4 Re8 30. Re4 Nxe4 31. dxe4 Qf2+ 32. Kc3 Qxf1 33. Qd7 Qa1+ 34. Kb4 Qe5 35. h6 gxh6 36. gxh6 Qxe4 37. Ka5 Qe1+ 38. Ka4 Qe7 39. Qf5 Qe4 40. Qf7 Rd8 41. Ka5 Qd3 42. Ka4 a6 43.
Qc7 Qxc4+ 0-1

[Event "*** MasterClass Titled Tuesday Blitz"]
[Site "Chess.com"]
[Date "2017.10.03"]
[Round "1"]
[White "peteseeger"]
[Black "Vrolijk"]
[Result "0-1"]
[WhiteElo "2128"]
[BlackElo "2475"]
[TimeControl "180+2"]
[EndTime "13:07:39 PDT"]
[Termination "Vrolijk won by resignation"]

1. e4 e5 2. Nf3 Nc6 3. Bc4 Bc5 4. c3 Nf6 5. d4 exd4 6. e5 d5 7. Bb5 Ne4 8. cxd4 Bb6 9. Nc3 O-O 10. Be3 Bg4 11. h3 Bh5 12. Qc2 Bg6 13. Qb3 Na5 14. Qd1 c6 15. Bd3 f6 16. O-O Bc7 17. Qc2 f5 18. b4 Nc4 19. Bxc4 dxc4 20. Nxe4 fxe4 21. Nd2 b5 22. Nxe4 Qh4 23. f3 Rad8 24. a4 Bb6 25. Rad1 Rd7 26. a5 Bd8 27. Bf2 Qf4 28. Qe2 Be7 29.
Bg3 Qf5 30. Rfe1 Bxb4 31. Nd6 Qe6 32. f4 Bxe1 33. Rxe1 Qd5 34. Qg4 Rxd6 35. exd6 Qxd4+ 36. Kh2 Bf5 37. Qg5 Qxd6 38. Re5 Qf6 39. Qh5 c3 40. Bh4 Qg6 0-1

[Event "*** MasterClass Titled Tuesday Blitz"]
[Site "Chess.com"]
[Date "2017.10.03"]
[Round "1"]
[White "josiwales"]
[Black "Batica1984"]
[Result "0-1"]
[WhiteElo "2329"]
[BlackElo "2622"]
[TimeControl "180+2"]
[EndTime "13:07:45 PDT"]
[Termination "Batica1984 won by resignation"]

1. e4 d6 2. d4 Nf6 3. Nc3 e5 4. Nf3 Nbd7 5. g4 d5 6. dxe5 Nxe4 7. Nxd5 Nb6 8. c4 Bxg4 9. Be2 c6 10. Nxb6 Qxb6 11. Be3 Bb4+ 12. Kf1 Bh3+ 13. Kg1 Bc5 14. Bxc5 Qxc5 15. Qd4 Qxd4 16. Nxd4 O-O-O 17. Rd1 Rhe8 18. f4 g5 19. Bf3 Nc5 20. fxg5 Rxe5 21. Kf2 Rxg5 22. b4 Na4 23. Rd2 Nb6 24. Rc1 c5 25. bxc5 Rxc5 26. Kg3 Bd7 27. Nb3 Rxc4 28. Rxc4+ Nxc4 29. Rc2 b5 30. Nc5 Bf5 31. Re2 Kc7 32. Kf4 Kb6 33. Nb7 Rd3 34. Re7 Bg6 35. a4 bxa4 36. Be2 Rd4+ 37. Kg5 a3 38. Nd8 Nd6 39. Re3 Ne4+ 40.
Kh6 Rxd8 41. Rxa3 Rd2 42. Ra6+ Kb7 43. Bb5 Rxh2+ 44. Kg7 Rb2 45. Bd3 Nc5 0-1

[Event "*** MasterClass Titled Tuesday Blitz"]
[Site "Chess.com"]
[Date "2017.10.03"]
[Round "1"]
[White "Bryakin_Mikhail"]
[Black "Kawhi_Leonard2"]
[Result "0-1"]
[WhiteElo "2501"]
[BlackElo "2238"]
[TimeControl "180+2"]
[EndTime "13:07:45 PDT"]
[Termination "Kawhi_Leonard2 won by resignation"]

1. d4 Nf6 2. c4 c5 3. d5 e6 4. Nc3 exd5 5. cxd5 d6 6. Nf3 g6 7. g3 Bg7 8. Bg2 O-O 9. O-O a6 10. a4 Nbd7 11. Bf4 Qe7 12. Qc2 Ng4 13. e4 Nge5 14. Nd2 g5 15. Be3 Ng4 16. Rae1 Nde5 17.
h3 Nxe3 18. Rxe3 f5 19. exf5 Bxf5 20. Qb3 Qd7 21. Nce4 h6 22. Kh2 b5 23. axb5 axb5 24.
f3 Bg6 25. Qd1 Ra2 26. Qc1 c4 27. Qb1 Rfa8 28. b3 Rxd2 29. bxc4 bxc4 30. f4 Raa2 31. Rg1 Re2 32. Qb8+ Kh7 33. Rxe2 Rxe2 34. Nxd6 Nf3+ 35. Kh1 Nxg1 36. Kxg1 Rxg2+ 37. Kxg2 gxf4 38. gxf4 c3 39. f5 Bh5 40. Ne4 Qxd5 0-1

[Event "*** MasterClass Titled Tuesday Blitz"]
[Site "Chess.com"]
[Date "2017.10.03"]
[Round "1"]
[White "Paralinch"]
[Black "djogrodek1"]
[Result "1-0"]
[WhiteElo "2666"]
[BlackElo "2393"]
[TimeControl "180+2"]
[EndTime "13:07:46 PDT"]
[Termination "Paralinch won by resignation"]

1. e4 c5 2. Nf3 d6 3. d4 cxd4 4. Nxd4 Nf6 5. Nc3 g6 6. Be3 Bg7 7. f3 O-O 8. Qd2 Nc6 9. O-O-O d5 10. exd5 Nxd5 11. Nxc6 bxc6 12. Bd4 Bxd4 13. Qxd4 Qb6 14.
Na4 Qa5 15. b3 Be6 16. Qc5 Qc7 17. g3 Nb6 18. Nc3 Rfd8 19. Be2 Rd6 20. Nb5 Rxd1+ 21. Rxd1 Qb7 22. Nd4 Bd5 23. c4 e6 24. Rd2 e5 25.
cxd5 exd4 26. dxc6 Qc7 27. Rxd4 Re8 28. Rd2 f5 29.
Bc4+ Kg7 30. Qd4+ Kh6 31. Qh4+ Kg7 32. Qd4+ Kh6 33. Qf4+ Qxf4 34. gxf4 Nxc4 35. bxc4 Re6 36. c7 Rc6 37. Rd7 Rxc4+ 38. Kd2 g5 39. fxg5+ Kxg5 40.
Rxh7 Rc6 41. Ke3 Rc3+ 42. Kd4 Rc1 43. Ke5 Rc5+ 44. Kd6 Rc1 45. Kd7 Rd1+ 46. Ke8 Rc1 47. Kd8 1-0

[Event "*** MasterClass Titled Tuesday Blitz"]
[Site "Chess.com"]
[Date "2017.10.03"]
[Round "1"]
[White "plouarzel"]
[Black "PowerThinking2650"]
[Result "1-0"]
[WhiteElo "2474"]
[BlackElo "2133"]
[TimeControl "180+2"]
[EndTime "13:07:50 PDT"]
[Termination "plouarzel won by resignation"]

1. e4 e5 2. Nf3 Nc6 3. d4 exd4 4. Nxd4 Nf6 5. Nxc6 bxc6 6. e5 Qe7 7. Qe2 Nd5 8.
c4 Ba6 9. Qe4 Nb6 10. Nc3 O-O-O 11. c5 Bxf1 12. cxb6 Ba6 13. bxc7 Kxc7 14. Bf4 Kb7 15.
O-O-O g5 16. Be3 h6 17. Qd4 c5 18. Qd5+ Kb8 19. Rhe1 Bb7 20. Qc4 Qe6 21. Nd5 Rc8 22. f4 Rg8 23. g3 gxf4 24. Bxf4 Ka8 25. b3 h5 26. Nf6 Qxc4+ 27. bxc4 Rg6 28. Rxd7 h4 29. Rxf7 hxg3 30. hxg3 Rb8 31. Nd7 Bf3 32. Nxb8 1-0

[Event "*** MasterClass Titled Tuesday Blitz"]
[Site "Chess.com"]
[Date "2017.10.03"]
[Round "1"]
[White "Oleksandr_Bortnyk"]
[Black "JammyDodger91"]
[Result "1-0"]
[WhiteElo "2840"]
[BlackElo "2414"]
[TimeControl "180+2"]
[EndTime "13:07:55 PDT"]
[Termination "Oleksandr_Bortnyk won by resignation"]

1. e4 g6 2. d4 Bg7 3. Be3 d6 4. Nc3 a6 5. Qd2 b5 6. h3 Bb7 7. Bd3 Nd7 8. Nf3 c5 9. O-O cxd4 10. Bxd4 Bxd4 11. Nxd4 Ngf6 12. Qh6 Qb6 13. Nf3 b4 14. Ne2 Nxe4 15. Qg7 Rf8 16. Bxe4 Bxe4 17. Ng5 Qc6 18. Rfe1 Nf6 19. Nd4 Qd5 20. Nxe4 Nxe4 21. Rad1 O-O-O 22. Nb3 Qc6 23. Na5 Qc7 24. Rxe4 Qxa5 25. Rxe7 Qf5 26. Rxd6 Rxd6 27. Qxf8+ Rd8 28. Qxf7 Qxf7 29. Rxf7 Rd2 30. Rf4 a5 31. Rc4+ Kd7 32. a3 bxa3 33.
bxa3 Kd6 34. Rc3 Kd5 35. Rc7 Kd6 36. Ra7 Rd5 37. Rxh7 Rc5 38. Rg7 g5 39. a4 Ke6 40.
g3 Kf6 41. Ra7 Ke5 42. Kg2 Kd4 43. Kf3 Kc3 44. Kg4 Kb4 45. f4 gxf4 46. gxf4 Kxa4 47. f5 Rxc2 48. f6 Rf2 49. f7 Kb4 50. h4 a4 51.
h5 a3 52. h6 a2 53. Rxa2 Rxf7 54. Rh2 1-0